 Dungeon Crawl Stone Soup version 0.21-a0-42-gb537e02 (webtiles) character file.

30 Gallahalt the Skirmisher (level 3, -1/29 HPs)
             Began as a Demonspawn Abyssal Knight on June 4, 2017.
             Was a Believer of Lugonu.
             Killed from afar by Natasha (3 damage)
             ... with a magic dart
             ... on level 2 of the Dungeon.
             The game lasted 00:03:05 (704 turns).

Gallahalt the Skirmisher (Demonspawn Abyssal Knight) Turns: 704, Time: 00:03:08

Health: -1/29      AC:  3    Str: 13    XL:     3   Next: 3%
Magic:  0/4        EV: 11    Int: 13    God:    Lugonu [**....]
Gold:   21         SH:  0    Dex: 12    Spells: 2/2 levels left

rFire    . . .     SeeInvis .   a - +1 falchion
rCold    . . .     Gourm    .   (no shield)
rNeg     . . .     Faith    .   b - +0 leather armour
rPois    .         Spirit   +   (no helmet)
rElec    .         Reflect  .   (no cloak)
rCorr    .         Harm     .   (no gloves)
MR       .....                  (no boots)
Stlth    +.........             (no amulet)
Regen    0.1/turn               (no ring)
MPRegen  0.1/turn               (no ring)

@: no status effects
A: magic shield
a: Depart the Abyss, Bend Space, Renounce Religion


You were on level 2 of the Dungeon.
You worshipped Lugonu.
Lugonu was pleased with you.
You were not hungry.

You visited 1 branch of the dungeon, and saw 2 of its levels.
You visited the Abyss 1 time.

You collected 21 gold pieces.

Inventory:

Hand Weapons
 a - a +1 falchion (weapon)
Armour
 b - a +0 leather armour (worn)
Potions
 e - a potion of degeneration {unknown}
 g - a potion of curing {unknown}
Comestibles
 c - 2 bread rations
 f - a meat ration


   Skills:
 - Level 3.1 Fighting
 * Level 3.1 Long Blades
 + Level 1.8 Armour
 - Level 0.8 Dodging
 - Level 2.4 Invocations


You had 2 spell levels left.
You didn't know any spells.

Dungeon Overview and Level Annotations

Branches:
Dungeon (2/15)

Altars:

Annotations:
D:2 Natasha, Robin


Innate Abilities, Weirdness & Mutations

When hurt, damage is shared between your health and your magic reserves.


Message History

Lugonu accepts your kill.
You can now bend space around yourself.
Found a scroll labeled HEUTUENGOSYI.
A kobold comes into view.
The kobold shouts!
The kobold throws a stone.
The stone hits you but does no damage.
You see here a stone.
Natasha hisses angrily.
Natasha mumbles some strange words.
Found a stone staircase leading up.
You closely miss the kobold. The hobgoblin hits you with a club.
* * * LOW HITPOINT WARNING * * *
The kobold closely misses you.
You slash the kobold!
You kill the kobold!
Lugonu accepts your kill. The hobgoblin hits you with a club.
* * * LOW HITPOINT WARNING * * *
Natasha casts a spell at you. The magic dart hits you!
You die...

.... <....## ... ...
#...(.. ## ..#####.#####
....[.. ?.
.............. #......
#. #..######.<##..
##.....##. #5.# ##5##..
#.........#####..#
#.....
#.......#..#gg@h########
###h#.
#.......##.r.#####.....#
#..5## #)....gggg.##
#.....###5###
###...#.###.#
#......#5h#
#..>..g..##.#
#........##
#$..###..g#.# ###....###
#%..##.gg...# #.##...#
....#.......## #.####.#
.#...........## ..#
#......


You could see Natasha, a shadow imp, 2 hobgoblins, 4 goblins and a rat.

Vanquished Creatures
  An ooze (D:1)
  A leopard gecko (D:1)
  3 ball pythons (D:1)
  A goblin (D:1)
  5 hobgoblins
  2 jackals (D:1)
  3 bats
  3 frilled lizards
  A kobold (D:2)
  4 rats
24 creatures vanquished.

Notes
Turn   | Place    | Note
-------+----------+-------------------------------------------
     0 | Abyss:1  | Gallahalt the Demonspawn Abyssal Knight began the quest for the Orb.
     0 | Abyss:1  | Reached XP level 1. HP: 18/18 MP: 2/2
     8 | D:1      | Escaped the Abyss
   118 | D:1      | Gained mutation: When hurt, damage is shared between your health and your magic reserves. [demonic ancestry]
   118 | D:1      | Reached XP level 2. HP: 21/24 MP: 3/3
   643 | D:2      | Noticed Natasha
   654 | D:2      | Noticed a crimson imp
   678 | D:2      | Noticed Robin
   694 | D:2      | Reached XP level 3. HP: 12/29 MP: 2/4
   696 | D:2      | Reached ** piety under Lugonu
   704 | D:2      | Killed from afar by Natasha

Vault maps used:
D:1:      dpeg_arrival_arbitrary_a
D:2:      chequers_ecumenical_altar_lobes, uniq_crazy_yiuf_cottage, uniq_robin,
          uniq_natasha

Skill      XL: |  1  2 |
---------------+-------+-----
Long Blades    | 2 3 |  3.1
Fighting       | |  3.1
Armour         | |  1.8
Dodging        | |  0.8
Invocations    | |  2.4

Action                   || total
-------------------------++-------
Melee: Falchion          ||    65
  Use: Scroll            ||     1
Armor: Leather armour    ||    32
Dodge: Dodged            ||    74
       Rpst.: Falchion   ||    31
